AoeStats
← Nencatacoa

Hideout

507384039Analyzed
1v1 RM · 15d ago on Sep 18, 2026· 27m 27s· 2 players
Game mode
Random Map
Map size
Tiny (2 player)
Population
200
Speed
Normal
Resources
Standard
Victory
Conquest
Starting age
Dark Age
Ending age
Imperial Age
RankedLock teamsTeams togetherTeam positionsShared explorationLock speedFull tech treeHidden civsTurbo modeCheats
Victory
Defeat
🇺🇸 Bohemians · United States
1644
+13
🇨🇴 Byzantines · Colombia
1567
-13
Nencatacoa
3:53 Loom
6:09 Loom
8:18 Feudal Age
16:09 Double-Bit Axe
22:32 Castle Age
21:57 Fletching
23:19 Bodkin Arrow
El Toti
9:55 Feudal Age
12:00 Loom
15:46 Castle Age
14:03 Double-Bit Axe
14:36 Fletching
15:59 Crossbowman
21:50 Bodkin Arrow
25:04 Chemistry
25:38 Wheelbarrow
25:27 Ballistics
25:23 Bow Saw
24:55 Horse Collar
Connection lost

Rejoining the realm…

Still unreachable

The connection could not be restored.

Session expired

The server has moved on; the page needs a fresh start.